[Event "*** Titled Tuesday Blitz"]
[Site "Chess.com"]
[Date "2021.04.20"]
[Round "3"]
[White "Anton_Demchenko"]
[Black "MatyChess1"]
[Result "1-0"]
[WhiteElo "2913"]
[BlackElo "2646"]
[TimeControl "180+1"]
[EndTime "10:26:40 PDT"]
[Termination "Anton_Demchenko won by resignation"]

1. e4 c5 2. Nf3 d6 3. d4 cxd4 4. Nxd4 Nf6 5. Nc3 a6 6. f3 e5 7. Nb3 Be6 8. Be3 Be7 9. Qd2 h5 10. O-O-O Nbd7 11. Bg5 Rc8 12. Kb1 b5 13. a3 Qc7 14. h4 Nb6 15. Bxf6 Bxf6 16. Qxd6 Qa7 17. Na5 Be7 18. Qxe5 O-O 19. Nd5 Bxd5 20. exd5 Bf6 21. Qf5 Na4 22. Bd3 Rfe8 23. Qh7+ Kf8 24. Bf5 Nc3+ 25.
bxc3 Qc5 26. Qh8+ Ke7 27. d6+ Kd8 28. Qxe8+ Kxe8 29. d7+ 1-0

[Event "*** Titled Tuesday Blitz"]
[Site "Chess.com"]
[Date "2021.04.20"]
[Round "3"]
[White "ChelsieMonica"]
[Black "esrosenberg"]
[Result "1-0"]
[WhiteElo "2403"]
[BlackElo "2195"]
[TimeControl "180+1"]
[EndTime "10:26:40 PDT"]
[Termination "ChelsieMonica won on time"]

1. c4 e5 2. Nc3 Bb4 3. g3 Bxc3 4. bxc3 Nf6 5. Bg2 O-O 6. Nf3 Nc6 7. O-O e4 8. Nd4 Ne5 9. d3 exd3 10. exd3 d6 11.
f4 Bg4 12. Qc2 Nc6 13. Nxc6 bxc6 14. Bxc6 Rb8 15. Bf3 Bxf3 16. Rxf3 Re8 17. Be3 Qd7 18. Bxa7 Rb7 19. Bd4 Ng4 20. h3 Nh6 21. g4 Reb8 22. Qg2 c5 23. Be3 Qa4 24. f5 Rb2 25. Rf2 Rb1+ 26. Rxb1 Rxb1+ 27. Kh2 Re1 28. Bd2 Re8 29. g5 Nxf5 30. Rxf5 Qxa2 31. h4 Qb1 32. Rf3 Qd1 33. Re3 Rf8 34. h5 Qxh5+ 35. Rh3 Qg6 36.
Qe4 Qxe4 37. dxe4 Re8 38. Re3 Re5 39. Re1 g6 40. Kg3 Kg7 41. Kf3 Re6 42. Bf4 f6 43.
Rd1 fxg5 44. Bxg5 h6 45. Bf4 g5 46. Bxd6 Rf6+ 47. Kg4 Rf2 48. Be5+ Kf7 49. Rd6 Rg2+ 50. Kf3 Rc2 51. Rxh6 1-0

[Event "*** Titled Tuesday Blitz"]
[Site "Chess.com"]
[Date "2021.04.20"]
[Round "3"]
[White "exoticprincess"]
[Black "muchojogo"]
[Result "1-0"]
[WhiteElo "2918"]
[BlackElo "2464"]
[TimeControl "180+1"]
[EndTime "10:26:41 PDT"]
[Termination "exoticprincess won by resignation"]

1. d4 Nf6 2. Nc3 e6 3. Bf4 d5 4. Nb5 Na6 5. e3 c6 6. Nc3 Nb8 7. Nf3 Bd6 8. Bd3 Qc7 9. Qd2 Nbd7 10. O-O-O e5 11. dxe5 Nxe5 12. Nxe5 Bxe5 13. Bxe5 Qxe5 14.
h3 Bd7 15. f4 Qe7 16. g4 O-O-O 17. g5 Nh5 18. Qf2 g6 19. Be2 Ng7 20. e4 dxe4 21. Qxa7 Nf5 22. Ba6 Qb4 23. Nb5 Qxb5 24. Bxb5 cxb5 25.
Qa8+ Kc7 26. Qa5+ Kc8 27. Qc3+ Bc6 28. Rxd8+ Rxd8 29. Rd1 Re8 30. Re1 e3 31. Qd3 Kb8 32. a3 Re4 33. b3 Rxf4 34. Rxe3 Rd4 35. Qc3 Rd8 36. Re1 Rc8 37. Kb2 Ka8 38. Qf6 Rc7 39. Qd8+ 1-0

[Event "*** Titled Tuesday Blitz"]
[Site "Chess.com"]
[Date "2021.04.20"]
[Round "3"]
[White "catzapto"]
[Black "A-S-00"]
[Result "0-1"]
[WhiteElo "2096"]
[BlackElo "2333"]
[TimeControl "180+1"]
[EndTime "10:26:41 PDT"]
[Termination "A-S-00 won on time"]

1. e4 e6 2. d4 d5 3. Nd2 c5 4. Ngf3 Nc6 5. exd5 exd5 6. c3 Nf6 7. Be2 Bd6 8. dxc5 Bxc5 9. Nb3 Bd6 10. O-O h6 11.
Nbd4 O-O 12. h3 a6 13. Be3 Bc7 14. Qd2 Ne4 15. Qc1 Qd6 16. Bd3 Ne5 17. Nxe5 Qxe5 18.
Nf3 Qh5 19. Bf4 Bb6 20. Qd1 Bxh3 21. gxh3 Qxh3 22. Bxe4 dxe4 23. Nd4 Rad8 24. Be3 Rd6 25. Ne2 Rg6+ 26. Ng3 Bxe3 0-1

[Event "*** Titled Tuesday Blitz"]
[Site "Chess.com"]
[Date "2021.04.20"]
[Round "3"]
[White "Supernotar"]
[Black "eduardoperalta"]
[Result "1-0"]
[WhiteElo "2664"]
[BlackElo "2477"]
[TimeControl "180+1"]
[EndTime "10:26:42 PDT"]
[Termination "Supernotar won by checkmate"]

1. d4 Nf6 2. c4 c5 3. d5 d6 4. Nc3 e6 5. e4 exd5 6. exd5 g6 7.
Nf3 Bg7 8. Be2 O-O 9. O-O Re8 10. h3 Bf5 11. Bd3 Ne4 12. Nxe4 Bxe4 13. Bxe4 Rxe4 14.
Qc2 Re8 15. Bg5 f6 16. Bf4 Na6 17. Rfe1 Qd7 18. a3 Nc7 19. a4 Na6 20. Bd2 Nb4 21. Bxb4 cxb4 22. Nd4 f5 23. Ne6 Bf6 24. Rad1 Rac8 25.
b3 b6 26. Qd3 a5 27. Re2 Re7 28. Rde1 Rce8 29. Re3 Be5 30. f4 Bc3 31. R1e2 Qa7 32.
Kh2 Qd7 33. g4 Rf7 34. Kg3 Ree7 35. g5 Re8 36. h4 Rfe7 37. h5 Rf7 38. Rh2 Ree7 39.
Kg2 Qa7 40. Reh3 Qb7 41. hxg6 hxg6 42. Qxc3 Rh7 43. Qf6 Qc8 44. Qxg6+ Reg7 45. Qxg7+ Rxg7 46. Rh8+ Kf7 47. Rxc8 Rg6 48. Rh7+ Rg7 49. Rxg7# 1-0

[Event "*** Titled Tuesday Blitz"]
[Site "Chess.com"]
[Date "2021.04.20"]
[Round "3"]
[White "MVM2008"]
[Black "djano"]
[Result "0-1"]
[WhiteElo "2151"]
[BlackElo "2478"]
[TimeControl "180+1"]
[EndTime "10:26:42 PDT"]
[Termination "djano won by resignation"]

1. e4 c6 2. d4 d5 3. Nc3 dxe4 4. Nxe4 Nf6 5. Nxf6+ exf6 6. Bd3 Bd6 7. Qh5 g6 8. Qe2+ Qe7 9. Qxe7+ Kxe7 10. Ne2 f5 11.
O-O Nd7 12. c4 Nf6 13. Re1 Kd7 14. Bf4 Nh5 15. Bxd6 Kxd6 16. Ng3 Nf4 17. Bc2 a5 18. Ne2 Ne6 19. c5+ Kc7 20. Bb3 Rd8 21. Rad1 a4 22. Bxe6 Bxe6 23. a3 Rd7 24. Nf4 Bb3 25. Rd2 Rad8 26.
Ne2 Bc4 27. f3 Re8 28. Kf2 Rde7 29. h4 f4 30. Rc2 Bb5 31. Rd2 f6 32. Rc2 g5 33. hxg5 fxg5 34. Rd2 h5 35. Rc2 Re3 36. Rd2 g4 37. Rc2 g3+ 38. Kf1 h4 39. Rd2 h3 40.
b3 h2 0-1

[Event "*** Titled Tuesday Blitz"]
[Site "Chess.com"]
[Date "2021.04.20"]
[Round "3"]
[White "renehp"]
[Black "buhomurciano"]
[Result "1-0"]
[WhiteElo "2491"]
[BlackElo "2212"]
[TimeControl "180+1"]
[EndTime "10:26:43 PDT"]
[Termination "renehp won on time"]

1. e4 c5 2. Nf3 Nc6 3. d4 cxd4 4. Nxd4 e5 5. Nb5 d6 6. N1c3 a6 7. Na3 b5 8. Nd5 Nge7 9. c4 Nxd5 10. exd5 Nd4 11. Be3 Be7 12. Bd3 O-O 13. O-O Nf5 14. cxb5 Nxe3 15. fxe3 axb5 16. Nxb5 Qb6 17. Qe2 Bg5 18.
Kh1 f5 19. a4 Bxe3 20. Nxd6 f4 21. Nc4 Qd4 22. Rad1 Qc5 23. Nxe5 Qe7 24. Nc6 Qh4 25. Be4 Bg4 26. Bf3 Bf5 27. d6 Rxa4 28. Ne7+ Kh8 29. Nxf5 Rxf5 30. d7 Rf8 31. Qc2 1-0

[Event "*** Titled Tuesday Blitz"]
[Site "Chess.com"]
[Date "2021.04.20"]
[Round "3"]
[White "Serly25"]
[Black "northridgehawk"]
[Result "0-1"]
[WhiteElo "1944"]
[BlackElo "2303"]
[TimeControl "180+1"]
[EndTime "10:26:43 PDT"]
[Termination "northridgehawk won on time"]

1. d4 f5 2. c4 Nf6 3. g3 g6 4.
Bg2 Bg7 5. Nf3 O-O 6. O-O c6 7. Nc3 d6 8. Bf4 Na6 9. Rc1 Nc7 10. Re1 Ne6 11. d5 Nxf4 12. gxf4 Qb6 13. Qc2 cxd5 14. Nxd5 Nxd5 15. cxd5 Qxb2 16. Qxb2 Bxb2 17. Rc7 Bf6 18. Rec1 b6 19. Ne1 Ba6 20. e3 Rac8 21. Bf1 Bb7 22. Bg2 Kf7 23. Nd3 Rfd8 24. Nb4 a5 25. Nd3 Ba6 26.
Ne1 Rxc7 27. Rxc7 Rc8 28. Rxc8 Bxc8 29. Bf1 Bb7 30. Bc4 b5 31. Bxb5 Bxd5 32. a4 Be4 33. f3 Bd5 34. Kf2 e5 35. fxe5 dxe5 36. h3 Ke6 37. Nd3 Kd6 38. Ke2 g5 39. Be8 Bc6 40. Bxc6 Kxc6 41. f4 e4 42. Nb2 Kc5 0-1

[Event "*** Titled Tuesday Blitz"]
[Site "Chess.com"]
[Date "2021.04.20"]
[Round "3"]
[White "alejogarcia1999"]
[Black "quizden37"]
[Result "0-1"]
[WhiteElo "2455"]
[BlackElo "2819"]
[TimeControl "180+1"]
[EndTime "10:26:44 PDT"]
[Termination "quizden37 won by resignation"]

1. d4 Nf6 2. c4 c5 3. d5 b5 4. cxb5 a6 5. bxa6 Bxa6 6. Nc3 d6 7. e4 Bxf1 8. Kxf1 g6 9. g3 Nbd7 10. Kg2 Bg7 11. h3 O-O 12. Nf3 Qb6 13. Qe2 Rfb8 14.
Rd1 Ne8 15. a4 Nc7 16. Ra3 Qb4 17. Na2 Qb7 18. Nc3 Ne5 19. Nxe5 Bxe5 20. f4 Bd4 21. h4 Qa6 22. Nb5 Nxb5 23. axb5 Qb7 24. Rxa8 Qxa8 25. Be3 Bg7 26. e5 Qa4 27. Bf2 Qxb5 28. Rd2 Qb3 29. exd6 exd6 30. Qe7 Bf8 31. Qf6 Re8 32. h5 Qb4 33.
hxg6 hxg6 34. Rd1 Qe4+ 35. Kg1 Qf3 36. Rd2 Bg7 37. Qxd6 Bd4 38. Bxd4 Re1+ 0-1

[Event "*** Titled Tuesday Blitz"]
[Site "Chess.com"]
[Date "2021.04.20"]
[Round "3"]
[White "ZEN-22"]
[Black "Klavdia_Nik"]
[Result "1-0"]
[WhiteElo "2364"]
[BlackElo "2051"]
[TimeControl "180+1"]
[EndTime "10:26:44 PDT"]
[Termination "ZEN-22 won by resignation"]

1. e3 c5 2. d4 Nf6 3. Ne2 b6 4. Nbc3 Bb7 5. d5 d6 6. Nf4 g6 7.
h4 h5 8. Bb5+ Nfd7 9. Ne6 Qc8 10. Qf3 a6 11. Nxf8 Kxf8 12. Be2 b5 13. e4 b4 14. Nd1 a5 15. Qg3 Ba6 16. Bf3 Ne5 17. Bf4 Nbd7 18. Ne3 a4 19. Rd1 Nxf3+ 20. gxf3 Nf6 21. e5 dxe5 22. Bxe5 Qd7 23. d6 Kg7 24. dxe7 Qxe7 25. Nf5+ 1-0

[Event "*** Titled Tuesday Blitz"]
[Site "Chess.com"]
[Date "2021.04.20"]
[Round "3"]
[White "Fighter008"]
[Black "WashUntilHoles"]
[Result "0-1"]
[WhiteElo "2622"]
[BlackElo "2829"]
[TimeControl "180+1"]
[EndTime "10:26:46 PDT"]
[Termination "WashUntilHoles won by resignation"]

1. e4 c6 2. d4 d5 3. e5 c5 4. dxc5 e6 5. a3 Nc6 6. Nf3 Bxc5 7. b4 Bb6 8. Bd3 Nge7 9. O-O Ng6 10. Bb2 Nf4 11. Nbd2 Nxd3 12. cxd3 O-O 13. Qe2 Bd7 14.
Rfc1 Ne7 15. a4 Rc8 16. a5 Bc7 17. Nb3 b6 18. Nfd4 Ng6 19. Nc6 Bxc6 20. Rxc6 bxa5 21. b5 Bb6 22. d4 Rxc6 23. bxc6 Qc7 24. Qb5 Rc8 25. Rc1 Ne7 26. Bc3 Qxc6 27. Qa6 Qc4 28.
Qxc4 Rxc4 29. Ba1 a4 30. Rxc4 dxc4 31. Nd2 Nc6 32. Nxc4 Bxd4 33. Bxd4 Nxd4 34. Kf1 Nc2 35. Ke2 a3 0-1

[Event "*** Titled Tuesday Blitz"]
[Site "Chess.com"]
[Date "2021.04.20"]
[Round "3"]
[White "campomania3"]
[Black "martinique24"]
[Result "1/2-1/2"]
[WhiteElo "2206"]
[BlackElo "2470"]
[TimeControl "180+1"]
[EndTime "10:26:46 PDT"]
[Termination "Game drawn by repetition"]

1. d4 Nf6 2. c4 g6 3. Nc3 d5 4.
Nf3 Bg7 5. Bg5 Ne4 6. Bf4 Nxc3 7. bxc3 c5 8. cxd5 Qxd5 9. e3 cxd4 10. cxd4 Nc6 11. Be2 Qa5+ 12. Qd2 O-O 13. Qxa5 Nxa5 14. O-O Be6 15. Rfc1 Rfc8 16. Bc7 Nc6 17. Bg3 Nb4 18. a4 Na2 19. Rxc8+ Rxc8 20. Ng5 Bb3 21. a5 Bc4 22. Bf3 b6 23. Bb7 Rd8 24. a6 b5 25. Bc7 Rf8 26. Ne4 b4 27. Nd2 Be6 28. Rb1 b3 29. Nxb3 Nc3 30. Rb2 Na4 31. Rb1 Nc3 32. Rb2 Na4 33. Rb1 Nc3 1/2-1/2

[Event "*** Titled Tuesday Blitz"]
[Site "Chess.com"]
[Date "2021.04.20"]
[Round "3"]
[White "Irishchessman16"]
[Black "RzayevB"]
[Result "0-1"]
[WhiteElo "2281"]
[BlackElo "2536"]
[TimeControl "180+1"]
[EndTime "10:26:47 PDT"]
[Termination "RzayevB won by resignation"]

1. e4 c5 2. Nf3 a6 3. d4 cxd4 4. Qxd4 Nc6 5. Qe3 Nf6 6. h3 d5 7.
e5 Ne4 8. Bd3 Bf5 9. Nh4 e6 10.
Nxf5 exf5 11. O-O Nxe5 12. Nc3 d4 13. Qf4 Nxd3 14. Qxf5 Nxc3 15. Qxd3 Nb5 16. a4 Nc7 17. Re1+ Be7 18. Bg5 Ne6 19. Bxe7 Qxe7 20. f4 g6 21. f5 gxf5 22. Qxf5 O-O-O 23. Re5 Rhg8 24. Rf1 Rg5 25. Qxg5 Qxg5 26. Rxg5 Nxg5 27. Rf5 h6 28. h4 Ne4 29.
Rxf7 d3 30. cxd3 Rxd3 31. Rf4 Rd1+ 32. Kh2 Nd2 33. Rf7 Nf1+ 34. Kh3 h5 35. g3 Rd3 36. Kg2 Nxg3 37. Rh7 Ne2 38. Kf2 Nf4 39. Ke1 Rb3 0-1

[Event "*** Titled Tuesday Blitz"]
[Site "Chess.com"]
[Date "2021.04.20"]
[Round "3"]
[White "ExtremeLearner"]
[Black "OlifantCZ"]
[Result "0-1"]
[WhiteElo "2446"]
[BlackElo "2252"]
[TimeControl "180+1"]
[EndTime "10:26:47 PDT"]
[Termination "OlifantCZ won by resignation"]

1. d4 Nf6 2. c4 g6 3. Nf3 Bg7 4.
Nc3 O-O 5. g3 d6 6. Bg2 Nc6 7. O-O a6 8. d5 Na5 9. b3 c5 10. Bb2 Rb8 11. a4 Bd7 12. e4 Nxe4 13. Qc2 Nxc3 14. Bxc3 Qb6 15. Bxg7 Kxg7 16. Rab1 Qb4 17.
Rfe1 Bf5 18. Qb2+ Kg8 19. Rxe7 Bxb1 20. Ng5 Qxb3 21. Qf6 Qd1+ 22. Bf1 Bd3 23. h4 Qxf1+ 24. Kh2 Bf5 25. Rxf7 Qxf2+ 26. Kh1 Be4+ 27. Nxe4 Qxf6 28. Nxf6+ Kxf7 0-1

[Event "*** Titled Tuesday Blitz"]
[Site "Chess.com"]
[Date "2021.04.20"]
[Round "3"]
[White "Rozhkov_V"]
[Black "vovachesss"]
[Result "0-1"]
[WhiteElo "2424"]
[BlackElo "2703"]
[TimeControl "180+1"]
[EndTime "10:26:49 PDT"]
[Termination "vovachesss won by resignation"]

1. e4 c6 2. d4 d5 3. e5 c5 4.
dxc5 e6 5. a3 Bxc5 6. b4 Bb6 7.
Nf3 Ne7 8. Bb2 O-O 9. Bd3 Ng6 10. g3 f6 11. exf6 e5 12. Bxg6 hxg6 13. Nxe5 Bxf2+ 14. Kxf2 Qxf6+ 15. Nf3 Qxb2 16. Qxd5+ Kh8 17. Nd2 Bg4 18. Rhe1 Nc6 19. Re4 Rad8 20. Qg5 Rxd2+ 21. Qxd2 Bxf3 22. Qd6 Qxc2+ 0-1

[Event "*** Titled Tuesday Blitz"]
[Site "Chess.com"]
[Date "2021.04.20"]
[Round "3"]
[White "Vanina1989"]
[Black "Sanyura"]
[Result "1-0"]
[WhiteElo "2791"]
[BlackElo "2613"]
[TimeControl "180+1"]
[EndTime "10:26:50 PDT"]
[Termination "Vanina1989 won on time"]

1. d4 Nf6 2. c4 g6 3. Nc3 Bg7 4. e4 d6 5. Nf3 O-O 6. Be2 e5 7. O-O Nc6 8. Be3 h6 9. d5 Ne7 10. Nd2 Ne8 11. c5 f5 12. f3 g5 13. Nc4 Rf7 14. cxd6 cxd6 15. Rc1 f4 16. Bf2 Ng6 17. Nb5 a6 18. Nb6 Rb8 19. Na3 g4 20. Nxc8 Rxc8 21.
fxg4 Rxc1 22. Qxc1 Qg5 23. Bf3 Nf6 24. Qc8+ Bf8 25.
Qf5 Rc7 26. Bb6 Rh7 27. Rc1 Qxf5 28. gxf5 Nh4 29. Kf2 Rg7 30. Bd8 Be7 31. Bxe7 Rxe7 32. Rc8+ Kh7 33. Nc4 Rd7 34. Nb6 Rg7 35. Nc4 Ng4+ 36.
Bxg4 Rxg4 37. g3 fxg3+ 38. hxg3 1-0

[Event "*** Titled Tuesday Blitz"]
[Site "Chess.com"]
[Date "2021.04.20"]
[Round "3"]
[White "nikitakhoroshev"]
[Black "Taktikmonster"]
[Result "1/2-1/2"]
[WhiteElo "2620"]
[BlackElo "2421"]
[TimeControl "180+1"]
[EndTime "10:26:50 PDT"]
[Termination "Game drawn by agreement"]

1. e4 c5 2. Nf3 d6 3. c3 Nf6 4.
Be2 e5 5. O-O Nc6 6. d4 cxd4 7.
cxd4 exd4 8. Nxd4 Be7 9. Nc3 O-O 10. Bf4 d5 11. exd5 Nxd5 12. Nxd5 Qxd5 13. Nxc6 Qxc6 14.
Bf3 Qf6 15. Qa4 Qxb2 16. Rab1 Qf6 17. Bxb7 Bxb7 18. Rxb7 Bc5 19. Bg3 Rfe8 20. Qc4 Rac8 21. Qb5 h5 22. h4 Qc3 23. Qb3 Qxb3 24. axb3 Bb6 25. Rd1 Red8 26. Rxd8+ Rxd8 27. Rb8 Rxb8 28. Bxb8 Kf8 29. Kf1 Ke7 30. f3 Ke6 31. g4 g6 32.
Ke2 Kd5 33. Bg3 f5 34. gxf5 gxf5 35. Kd3 Bd4 36. Bf4 Bf2 37. Bg5 Kc5 38. Be7+ Kd5 39. Kc3 Ke5 40. Bg5 Kd5 41. Bf6 a6 42. Bd8 Ke5 43.
Bg5 Kd5 44. Kb4 Kd4 45. Ka5 Kc3 46. b4 Kc4 47. Be7 Be1 48. Ka4 Bd2 49. Ka5 Be1 50. Ka4 Bd2 1/2-1/2

[Event "*** Titled Tuesday Blitz"]
[Site "Chess.com"]
[Date "2021.04.20"]
[Round "3"]
[White "eldur16"]
[Black "FrenchMonster2002"]
[Result "1-0"]
[WhiteElo "2598"]
[BlackElo "2387"]
[TimeControl "180+1"]
[EndTime "10:26:50 PDT"]
[Termination "eldur16 won on time"]

1. d4 Nf6 2. c4 g6 3. Nc3 Bg7 4. e4 d6 5. f3 a6 6. Be3 c6 7. Qd2 b5 8. g4 Nbd7 9. h4 h5 10.
g5 Nh7 11. Rc1 O-O 12. Nh3 e5 13. d5 bxc4 14. Bxc4 Nb6 15. Bb3 c5 16. Nf2 a5 17.
Na4 Nxa4 18. Bxa4 Ba6 19. Rg1 Qb6 20. b3 Qb4 21. Bc6 Rab8 22. Kd1 Rfc8 23. Nd3 Qb6 24. Nb2 Rxc6 25. dxc6 Qxc6 26. Qxa5 Nf8 27. Rg2 Ne6 28. Rd2 Nd4 29. Bxd4 exd4 30. Nc4 Ra8 31. Qb6 Qc8 32. Qxd6 Qh3 33. Qf4 Bc8 34. Nb6 1-0

[Event "*** Titled Tuesday Blitz"]
[Site "Chess.com"]
[Date "2021.04.20"]
[Round "3"]
[White "kreonx"]
[Black "BL4D3RUNN3R"]
[Result "0-1"]
[WhiteElo "2313"]
[BlackElo "2118"]
[TimeControl "180+1"]
[EndTime "10:26:52 PDT"]
[Termination "BL4D3RUNN3R won on time"]

1. e4 c6 2. d4 d5 3. e5 c5 4.
dxc5 e6 5. Nf3 Bxc5 6. Bd3 Nc6 7. O-O f6 8. Re1 fxe5 9. Nxe5 Nxe5 10. Rxe5 Nf6 11. Be3 Bd6 12. Bb5+ Kf7 13. Rg5 h6 14.
Rg3 Bxg3 15. fxg3 Rf8 16. Bc5 Rh8 17. Nd2 Bd7 18. Bd3 Re8 19. Nf3 e5 20. Be2 b6 21.
Bd6 e4 22. Nd4 Kg8 23. Bh5 Nxh5 24. Qxh5 Qf6 25. Qxd5+ Kh8 26. Rf1 Qg6 27. Rf7 Bg4 28. Bf4 Rad8 0-1

[Event "*** Titled Tuesday Blitz"]
[Site "Chess.com"]
[Date "2021.04.20"]
[Round "3"]
[White "manitodeplomo"]
[Black "JakubPulpan"]
[Result "0-1"]
[WhiteElo "2573"]
[BlackElo "2743"]
[TimeControl "180+1"]
[EndTime "10:26:54 PDT"]
[Termination "JakubPulpan won by resignation"]

1. d4 Nf6 2. c4 e6 3. Nf3 Bb4+ 4. Nbd2 d5 5. Qc2 O-O 6. g3 b6 7. Bg2 Bb7 8. O-O dxc4 9. Nxc4 Nbd7 10. a3 Be4 11.
Qa4 Bd6 12. Nxd6 cxd6 13. Bf4 Qe7 14. Rfc1 Nd5 15. Bg5 N7f6 16. Bh3 h6 17. Bd2 Qb7 18.
Ne1 Rfc8 19. f3 Bg6 20. e4 Ne7 21. Bg2 d5 22. e5 Nd7 23. g4 a6 24. Bb4 Nc6 25. Bd6 b5 26. Qd1 Nb6 27. Nd3 Bxd3 28. Qxd3 Nc4 29. Bc5 Nxb2 30. Qe3 Na4 31. Bf1 Nxc5 32.
Rxc5 Na5 33. Rac1 Rxc5 34. Rxc5 Nc4 35. Bxc4 bxc4 36. f4 Rb8 37. f5 Qb1+ 0-1

[Event "*** Titled Tuesday Blitz"]
[Site "Chess.com"]
[Date "2021.04.20"]
[Round "3"]
[White "IljaJoke"]
[Black "poppy73"]
[Result "1-0"]
[WhiteElo "2487"]
[BlackElo "2211"]
[TimeControl "180+1"]
[EndTime "10:26:56 PDT"]
[Termination "IljaJoke won on time"]

1. d4 Nf6 2. c4 g6 3. Nc3 Bg7 4. e4 d6 5. Be2 O-O 6. Be3 e5 7. d5 Na6 8. g4 Nc5 9. f3 h5 10.
g5 Nh7 11. h4 a5 12. Qd2 f6 13. Nh3 f5 14. Nf2 b6 15. O-O-O f4 16. Bxc5 bxc5 17. Bf1 Rb8 18. Bh3 Bxh3 19. Rxh3 Qc8 20. Rhh1 Qa6 21. b3 Rb4 22. Nd3 Rfb8 23. Nxb4 axb4 24. Nb5 Qc8 25. Kb2 Nf8 26. Ra1 Nd7 27. a3 bxa3+ 28. Rxa3 Nb6 29.
Ra7 Rb7 30. Rxb7 Qxb7 31. Ra1 Qc8 32. Qg2 c6 33. dxc6 Qxc6 34. Qd2 d5 35. Qd3 d4 36. Ra7 Qe6 37. Qf1 Nc8 38. Ra8 Kh7 39. Kc2 Qc6 40.
Ra1 Nd6 41. Nxd6 Qxd6 42. Kd3 Qb6 43. Kc2 Qb4 44. Qe1 Qb7 45. Qa5 d3+ 46. Kxd3 Qxb3+ 47. Qc3 Qb7 48. Ra5 Qd7+ 49. Kc2 Qh3 50. Ra7 1-0

[Event "*** Titled Tuesday Blitz"]
[Site "Chess.com"]
[Date "2021.04.20"]
[Round "3"]
[White "biostatistician"]
[Black "Semen_Khanin"]
[Result "0-1"]
[WhiteElo "2609"]
[BlackElo "2760"]
[TimeControl "180+1"]
[EndTime "10:27:00 PDT"]
[Termination "Semen_Khanin won on time"]

1. d4 Nf6 2. Nf3 g6 3. c4 Bg7 4. Nc3 d5 5. cxd5 Nxd5 6. e4 Nxc3 7. bxc3 c5 8. Be3 Qa5 9. Qd2 O-O 10. Rc1 Nd7 11. Bd3 e5 12. d5 f5 13. c4 Qxd2+ 14. Bxd2 Nf6 15. Nxe5 Nxe4 16. f4 Re8 17. Be3 Bxe5 18.
fxe5 Rxe5 19. O-O Bd7 20. Bxe4 Rxe4 21. Bxc5 Rc8 22. Bxa7 Rcxc4 23. Rxc4 Rxc4 24. Rb1 b5 25. d6 Ra4 26. Bc5 Rxa2 27. Re1 Bc6 28. Re7 Rxg2+ 29. Kf1 Rc2 30. Bd4 Rd2 31. Be5 b4 32. Rg7+ Kf8 33.
Rc7 Bb5+ 34. Ke1 Rd5 35. Bg3 g5 36. Rxh7 f4 37. Bf2 b3 38. Rh3 Bd3 39. Rh8+ Kf7 40. Rb8 Bc2 41. Rb7+ Ke6 42. d7 Rxd7 43. Rxd7 Kxd7 44.
Kd2 Ke6 45. Bb6 g4 46. Bc7 Kf5 0-1

[Event "*** Titled Tuesday Blitz"]
[Site "Chess.com"]
[Date "2021.04.20"]
[Round "3"]
[White "Beca95"]
[Black "Fh2411"]
[Result "1-0"]
[WhiteElo "2836"]
[BlackElo "2571"]
[TimeControl "180+1"]
[EndTime "10:27:00 PDT"]
[Termination "Beca95 won by checkmate"]

1. d4 d5 2. c4 c6 3. Nf3 Nf6 4. Qc2 dxc4 5. Qxc4 Bf5 6. g3 e6 7. Bg2 Qd5 8. Qa4 a5 9. Nc3 Bb4 10. O-O Qd8 11. a3 Be7 12. Ne5 O-O 13. e4 Bg6 14. Be3 Nbd7 15. Nxg6 hxg6 16. Qc2 Nb6 17. Rad1 Nc4 18.
Bc1 Qb6 19. Rfe1 Qa6 20. Na4 b5 21. Nc5 Bxc5 22. dxc5 a4 23. Bf1 Na5 24. Bf4 Nb3 25. Rd6 Rfc8 26. Red1 Qb7 27. Be3 b4 28. Be2 Rab8 29.
g4 Ne8 30. Rd7 Rc7 31. Rd8 Rcc8 32. Rxc8 Qxc8 33. Bf4 Rb7 34. Ba6 bxa3 35. bxa3 Nc7 36. Bxb7 Qxb7 37. Rd8+ Kh7 38. Qd3 Nxc5 39. Qh3# 1-0

[Event "*** Titled Tuesday Blitz"]
[Site "Chess.com"]
[Date "2021.04.20"]
[Round "3"]
[White "JiiHart"]
[Black "NovikovaGalina"]
[Result "0-1"]
[WhiteElo "1991"]
[BlackElo "2312"]
[TimeControl "180+1"]
[EndTime "10:27:00 PDT"]
[Termination "NovikovaGalina won by resignation"]

1. e4 e6 2. d4 d5 3. Nc3 Bb4 4.
e5 c5 5. a3 Bxc3+ 6. bxc3 Ne7 7.
Qg4 Kf8 8. Nf3 Qa5 9. Bd2 Qa4 10.
Bd3 b6 11. O-O Nbc6 12. Rfc1 Ba6 13. h4 Rc8 14. h5 h6 15. Qf4 Ke8 16. Be3 c4 17.
Bf1 Nf5 18. g4 Nxe3 19. Qxe3 Na5 20. Bg2 Qd7 21. Nh2 Qe7 22. f4 Kd7 23. Rf1 Kc6 24. f5 Rcf8 25. Rab1 Qg5 26. Qxg5 hxg5 27. Nf3 exf5 28.
Nxg5 fxg4 29. Rxf7 Rxf7 30. Nxf7 Rxh5 31. e6 Bc8 32.
Re1 Nb7 33. Ne5+ Kd6 34. Nxg4 Bxe6 35. Bf3 Rg5 0-1

[Event "*** Titled Tuesday Blitz"]
[Site "Chess.com"]
[Date "2021.04.20"]
[Round "3"]
[White "elm2007"]
[Black "AniJak"]
[Result "1-0"]
[WhiteElo "2787"]
[BlackElo "2283"]
[TimeControl "180+1"]
[EndTime "10:27:01 PDT"]
[Termination "elm2007 won by checkmate"]

1. e4 c6 2. d4 d5 3. Nd2 dxe4 4. Nxe4 Nf6 5. Nxf6+ exf6 6. Nf3 Bd6 7. Bd3 O-O 8. O-O Re8 9. h3 Nd7 10. c3 Nf8 11.
Be3 Be6 12. Nd2 Qd7 13. Ne4 Bd5 14. Nxd6 Qxd6 15. Qh5 Be4 16. Bc4 Bd5 17. Bd3 Be4 18. Bxe4 Rxe4 19. Rad1 Ng6 20. Qf3 Rae8 21. Qf5 Nh4 22.
Qc5 Qxc5 23. dxc5 Nf5 24. Rd7 R8e7 25. Rfd1 h6 26. Rxe7 Rxe7 27. Bf4 g5 28. Bb8 a6 29. Rd8+ Kg7 30. Kf1 Nh4 31. Bd6 Re4 32. Bf8+ Kg6 33. Rd7 Ra4 34. a3 Kf5 35. Rxf7 Ke6 36. Rxb7 Nf5 37. g4 Nh4 38. Bd6 Ra5 39. c4 Ra4 40. Re7# 1-0

[Event "*** Titled Tuesday Blitz"]
[Site "Chess.com"]
[Date "2021.04.20"]
[Round "3"]
[White "Mikasinski"]
[Black "politeplayer"]
[Result "1-0"]
[WhiteElo "2501"]
[BlackElo "2228"]
[TimeControl "180+1"]
[EndTime "10:27:02 PDT"]
[Termination "Mikasinski won on time"]

1. e4 e6 2. d4 d5 3. Nc3 Bb4 4. e5 c5 5. a3 Ba5 6. Bd2 cxd4 7. Nb5 Bc7 8. Nf3 Nc6 9. Bf4 Nge7 10. Nfxd4 Nxd4 11. Qxd4 Nc6 12. Nxc7+ Qxc7 13. Qc3 O-O 14. Bg3 d4 15. Qc5 Rd8 16. O-O-O Rd5 17. Qc4 b5 18. Qe2 b4 19. Qc4 bxa3 20. bxa3 a5 21. f4 Ba6 22.
Qa4 d3 23. Qb3 Nd4 24. Qa2 Nxc2 25. Kd2 Qc5 26. Rc1 Qe3+ 27. Kd1 Rc8 28. Qb2 d2 29. Rxc2 Rcd8 30. Bxa6 Qe1+ 31. Bxe1 dxe1=Q+ 32. Kxe1 Rd1+ 33. Kf2 1-0

[Event "*** Titled Tuesday Blitz"]
[Site "Chess.com"]
[Date "2021.04.20"]
[Round "3"]
[White "Jenia84"]
[Black "OlegKrivonosov"]
[Result "1-0"]
[WhiteElo "2409"]
[BlackElo "2619"]
[TimeControl "180+1"]
[EndTime "10:27:04 PDT"]
[Termination "Jenia84 won by resignation"]

1. e4 e5 2. Nf3 Nc6 3. Bb5 Nf6 4. d3 Bc5 5. O-O Nd4 6. Nxd4 Bxd4 7. c3 Bb6 8. d4 O-O 9. dxe5 Nxe4 10. Bd3 d5 11.
Nd2 Nxd2 12. Bxd2 Qh4 13. Qf3 Be6 14. Rae1 Qg4 15. Qxg4 Bxg4 16. Be3 Be6 17. f4 g6 18. h3 h5 19. a3 Rad8 20. Bxb6 axb6 21. f5 gxf5 22.
Bxf5 d4 23. Bxe6 fxe6 24. Rxf8+ Kxf8 25. Rd1 c5 26. cxd4 cxd4 27. Kf2 Rd5 28. Rd3 Ke7 29.
Kf3 Rxe5 30. Rxd4 b5 31. Re4 Rc5 32. Rb4 Kf6 33. g4 hxg4+ 34. hxg4 Ke5 35. Ke3 Kf6 36. Ke4 Re5+ 37. Kd4 Rd5+ 38. Kc3 e5 39. Re4 Ke6 40. Kb4 Rd2 41. b3 Rd4+ 42. Rxd4 exd4 43. a4 b6 44. axb5 Kf6 45. Kc4 Ke5 46. Kd3 1-0